[Event "III Menorca Open-A 2024"]
[Site "Ciutadella Menorca"]
[Date "2024.04.06"]
[Round "7.10"]
[White "Balakrishnan, Praveen"]
[Black "Pranav Vijay"]
[Result "1/2-1/2"]
[ECO "E48"]
[WhiteElo "2500"]
[BlackElo "2252"]
[Annotator "TA"]
[PlyCount "62"]
[EventDate "2024.04.02"]
[EventType "swiss"]
[EventCountry "ESP"]
[SourceTitle "playchess.com"]
[Source "ChessBase"]
[SourceQuality "1"]
[TimeControl "5400+30"]

1. d4 Nf6 2. c4 e6 3. Nc3 Bb4 4. e3 O-O 5. Bd3 d5 6. cxd5 exd5 7. a3 Bd6 8. Qc2 c6 9. Nge2 {[%emt 0:00:59] The position is equal.} Re8 10. Bd2 b6 11. f3 c5 12. g4 {[%emt 0:00:55] g5 would now be deadly.} c4 13. Bf5 Bxf5 14. Qxf5 {[%emt 0:00:09][%cal Og4g5] aiming for g5!} g6 15. Qg5 Nc6 16. O-O b5 17. Nf4 Bxf4 18. Qxf4 b4 19. Nb5 bxa3 20. Rxa3 {[%emt 0:00:00][%cal Ba1a3,Ba3a7,Ba7c7][%mdl 32] Hoping for Nc7.} Rb8 21. Nxa7 Nxa7 (21... Rxb2 $2 {too greedy.} 22. Nxc6 Qd7 23. Qxf6 $18) 22. Rxa7 {[%emt 0:00:00] Ba5 is the strong threat.} Rxb2 23. Bc3 Rb3 (23... Rb5 $11 {and Black has nothing to worry.}) 24. Ba5 $1 $18 Qb8 {[%emt 0:00:00] [#]} 25. Rc7 $40 {[%emt 0:00:00][%mdl 128] White attacks with force.} Ra3 $2 (25... Re6 {might work better.}) 26. g5 $2 ({White must play} 26. Qxf6 $18 Rf8 27. Qb6) 26... Re6 $2 (26... Rxa5 $15 {keeps the upper hand.} 27. gxf6 Re6) 27. Bd2 Ra2 (27... h6 {was called for.} 28. gxf6 Ra2) 28. Rf2 ({Inferior is} 28. Bc1 Nd7 $11) 28... c3 {[%emt 0:00:00] [#]} 29. Bxc3 ({Only move:} 29. Bc1 $1 $18 Ra8 30. gxf6) 29... Rxf2 (29... Qb1+ $11 30. Kg2 Rxf2+ 31. Kxf2 Qc2+ 32. Kf1 Qd3+ 33. Kf2 Qc2+ 34. Kf1 Qd3+ 35. Kf2 Qc2+) 30. Kxf2 Qb1 (30... Qd8 $142 31. gxf6 Rxf6) 31. Bd2 (31. gxf6 $142 {Rc8+ would kill now.} Qb8 32. Rc5) 31... h6 {[%emt 0:00:00][%mdl 32768] Weighted Error Value: White=0.61/Black=0.79.  Loses game:     	---       	Black=3      Missed win:     	White=2     	---        Mistake:       	White=1     	Black=3      Inaccurate:     	---       	Black=1      OK:         	White=9     	Black=7      Best:        	---       	Black=4      Strong:       	White=1     	---       . An unexpected result.} 1/2-1/2

[Event "III Menorca Open-A 2024"]
[Site "Ciutadella Menorca"]
[Date "2024.04.06"]
[Round "7.11"]
[White "Tarhan, Adar"]
[Black "Idani, Pouya"]
[Result "1/2-1/2"]
[ECO "B51"]
[WhiteElo "2446"]
[BlackElo "2609"]
[Annotator "TA"]
[PlyCount "85"]
[EventDate "2024.04.02"]
[EventType "swiss"]
[EventCountry "ESP"]
[SourceTitle "playchess.com"]
[Source "ChessBase"]
[SourceQuality "1"]
[TimeControl "5400+30"]

1. e4 c5 2. Nf3 d6 3. Bb5+ Nd7 4. O-O a6 5. Bd3 Ngf6 6. c3 g6 7. Bc2 b5 8. d4 Bb7 9. Re1 cxd4 10. cxd4 Bg7 11. e5 dxe5 12. dxe5 Nd5 13. e6 fxe6 14. Ng5 $1 Nc5 15. Nxh7 Qd6 {[%emt 0:00:05] [#] Strongly threatening ...0-0-0.} (15... Rxh7 16. Bxg6+ Kd7 17. Bxh7 $18) 16. Bxg6+ Kd7 $1 {[%emt 0:00:05] And now ...Rag8 would win.} 17. Nd2 Nb4 18. Nb3 {[%emt 0:05:39] Some like it hot} Nxb3 19. Qxd6+ (19. axb3 $11 Bd4 20. g3) 19... exd6 $15 20. axb3 Rac8 (20... Rag8 $15 21. Bf7 Nc2 22. Bxe6+ Kc7) 21. Re2 Be5 (21... Bd4 $11 22. Bd2 Rcg8) 22. h4 (22. g3 $14) 22... Rcg8 $1 $11 23. Be4 Nc6 {[%emt 0:13:18][%cal Bb4c6,Bc6d4,Bd4e2][%mdl 32] [#] Hoping for ...Nd4.} 24. Be3 Rg4 {[%emt 0:00:23][%csl LRe4,LRh4] Inhibits g3.} 25. Ng5 (25. Bg5 $2 Rxe4 26. Rxe4 Rxh7 $19) 25... Rgxh4 26. g3 Nd4 27. gxh4 {[%emt 0:00:05] Bxd4 is the strong threat.} (27. Bxb7 $2 Nxe2+ 28. Kg2 (28. Kf1 $2 Rh1+ 29. Bxh1 Rxh1+ 30. Kxe2 Rxa1 $19) 28... Rh2+ (28... Bxb2 29. Ra2 $11) 29. Kf3 Nd4+ (29... Bxb2 30. Rb1 $15) 30. Ke4 Nc2 (30... Nxb3 31. Rxa6 Bxb2 32. Ra7 $11) (30... Rb8 31. Rxa6 Rxb7 32. Bxd4 $19) 31. Rxa6 Bxb2 $17) (27. Bxd4 Rh1+ 28. Kg2 Bxe4+ (28... Rxa1 29. Bxe5 Bxe4+ 30. Rxe4 $17) 29. Rxe4 R8h2+ (29... Rxa1 30. Bxe5 dxe5 31. Nf7 $17) 30. Kf3 Rxa1 31. Bxe5 dxe5 $14) 27... Nxe2+ 28. Kf1 Bxe4 29. Kxe2 Rxh4 {[%emt 0:04:20] ...Bb7 would now be deadly.} (29... Bxb2 30. Ra2 (30. Rxa6 Rxh4 31. Ra7+ Kc8 $11) 30... Bd5 31. Rxb2 $18) (29... Bb7 $5 30. Nf7 $8 Rxh4 (30... Bxb2 31. Ra2 $11) 31. Nxe5+ dxe5 $11) 30. Rxa6 Bf5 {[%emt 0:02:15][%cal Od6d5] A strong pair of Bishops.} 31. Nf7 Bh2 (31... Bxb2 32. Rxd6+ Ke8 33. Nh6) 32. Ra7+ Kc6 33. Ra6+ Kd5 34. Kd2 Bg6 35. Nd8 Bf4 36. Nb7 {[%emt 0:01:02] The position is equal.} Be5 37. Rb6 (37. f4 {keeps more tension.} Rh2+ 38. Ke1 Bf6 39. Rxd6+ Ke4 40. Rxe6+ Kf3 41. Bg1) 37... Be8 (37... Bxb2 38. Rxb5+ (38. Rxd6+ Ke5 $11) 38... Kc6 39. Rb6+ Kc7 40. Nxd6 $16) 38. f4 Bxf4 (38... Bxb2 $2 {too greedy.} 39. Rxd6+ Ke4 40. Rxe6+ Kf3 41. Rxe8 $18) 39. Bxf4 Rxf4 40. Rxd6+ Ke5 41. Rb6 Kd5 42. Rd6+ Ke5 43. Rb6 {[%emt 0:00:04] Weighted Error Value: White=0.10 (very precise) /Black=0.08 (flawless) .  Mistake:       	White=2     	Black=2      Inaccurate:     	White=2     	Black=1      OK:         	White=20    	Black=19     Best:        	White=3     	Black=4      Strong:       	White=1     	Black=2} 1/2-1/2

[Event "III Menorca Open-A 2024"]
[Site "Ciutadella Menorca"]
[Date "2024.04.06"]
[Round "7.12"]
[White "Fernandez, Daniel Howard"]
[Black "Alexakis, Dimitris"]
[Result "1-0"]
[ECO "B23"]
[WhiteElo "2528"]
[BlackElo "2443"]
[Annotator "TA"]
[PlyCount "102"]
[EventDate "2024.04.02"]
[EventType "swiss"]
[EventCountry "ESP"]
[SourceTitle "playchess.com"]
[Source "ChessBase"]
[SourceQuality "1"]
[TimeControl "5400+30"]

1. e4 c5 2. Nc3 e6 3. Nge2 Nc6 4. g3 d5 5. exd5 exd5 6. d4 {[%emt 0:00:18] B23: Closed Sicilian: Lines without g3.} Nf6 7. Be3 cxd4 8. Bxd4 Bg4 9. Bg2 Be7 10. h3 Bxe2 11. Nxe2 Nxd4 12. Nxd4 $146 ({Predecessor:} 12. Qxd4 O-O 13. O-O Rc8 14. c3 Bc5 15. Qd3 Re8 16. Rad1 Qb6 17. b4 Bd6 18. Rfe1 {0-1 Sindarov,J (2544)-Panov,I (2069) Levitov Christmas Online Q2 blitz 2020}) 12... O-O 13. c3 Bc5 14. O-O Re8 15. Bf3 Ne4 16. Kg2 Re5 17. Qd3 Qb6 18. b4 Bf8 19. Rfe1 f5 20. Bxe4 fxe4 21. Qe3 Rc8 22. Rad1 Be7 (22... Qf6 $142) 23. f4 $11 exf3+ $1 24. Qxf3 Qf6 25. Rxe5 Qxe5 26. Ne2 Bf6 27. Rxd5 ({But not} 27. Qxd5+ Qxd5+ 28. Rxd5 Bxc3 $15) (27. Qxd5+ {simplifies} Qxd5+ 28. Rxd5 Bxc3 29. Nxc3 Rxc3 30. Rd8+) 27... Qe6 28. h4 Re8 ({Black should play} 28... h6) 29. Nf4 $16 Qe1 30. Rd3 Re4 (30... b6 $16 {was called for.} 31. Kh3 Qe4) 31. a4 b6 32. Rd1 Qe3 33. Qxe3 $1 Rxe3 34. Nd5 Re2+ 35. Kf3 Rc2 36. Ke4 Kf7 37. Nxf6 Kxf6 38. Kd4 Ra2 $2 {[%emt 0:01:02] [#]} (38... Rg2 $16) 39. a5 $1 $18 bxa5 {[%emt 0:00:12] [#]} 40. b5 $1 Rb2 $2 (40... Ra3 41. g4 Ke6) 41. c4 $18 Ke6 42. Ra1 Rd2+ 43. Kc5 Rd7 44. Rxa5 Rc7+ 45. Kb4 Kd6 46. c5+ Rxc5 47. Rxa7 Rc1 48. Rxg7 Rb1+ 49. Ka5 h6 50. Rg6+ Kc5 51. Rc6+ (51. Rxh6 $2 Ra1#) 51... Kd5 1-0

[Event "III Menorca Open-A 2024"]
[Site "Ciutadella Menorca"]
[Date "2024.04.06"]
[Round "7.13"]
[White "Iermito, Sebastian"]
[Black "Akbas, Umut Ata"]
[Result "1-0"]
[ECO "A13"]
[WhiteElo "2511"]
[BlackElo "2436"]
[Annotator "RC"]
[PlyCount "205"]
[EventDate "2024.04.02"]
[EventType "swiss"]
[EventCountry "ESP"]
[SourceTitle "playchess.com"]
[Source "ChessBase"]
[SourceQuality "1"]
[TimeControl "5400+30"]

1. Nf3 d5 2. g3 Nf6 3. Bg2 c5 4. O-O e6 5. c4 d4 6. e3 Nc6 7. d3 Bd6 8. exd4 cxd4 9. Bg5 h6 10. Bxf6 Qxf6 11. Nbd2 Qd8 12. a3 a5 13. Rc1 O-O 14. c5 Bc7 15. Re1 Qd7 16. Qa4 Ra6 17. Nc4 Kh8 18. Nfd2 f5 19. Qb5 Qd8 20. Nf3 Qd7 21. Qb3 a4 22. Qd1 Kh7 23. Nfe5 Nxe5 24. Nxe5 Qb5 25. Qc2 b6 26. Nc6 bxc5 27. Qxc5 Qxc5 28. Rxc5 Bd7 29. Nxd4 Bb6 30. Rc4 Rb8 31. Nc6 Bxc6 32. Bxc6 Bd4 33. Rxd4 Rxc6 34. Re2 Ra6 35. Rc2 Rab6 36. Rxa4 Rxb2 37. Rc7 R8b7 38. Rxb7 Rxb7 39. Ra6 Rd7 40. Rxe6 Rxd3 41. Ra6 Rd2 42. Kg2 Rd3 43. h4 h5 44. a4 Ra3 45. a5 Kg8 46. Ra7 Kh7 47. Ra6 Kg8 48. Kf1 Ra2 49. Ra7 Kh7 50. a6 Kg6 51. f4 Kf6 52. Ra8 Kg6 53. Kg1 Kh7 54. Kf1 Kg6 55. Ke1 Ra3 56. Kd2 Rxg3 57. Rb8 Ra3 58. Rb6+ Kf7 59. Kc2 Ke7 60. Kb2 Ra5 61. Kb3 Kd7 62. Rg6 Kc7 63. Kb4 Ra1 64. Rxg7+ Kb8 65. Rf7 Rxa6 66. Rxf5 Kc7 67. Kc4 Kd7 68. Kd4 Ra4+ 69. Ke3 Ke6 70. Rxh5 Kf6 71. Rg5 Ra1 72. Kf3 Rf1+ 73. Kg3 Rg1+ 74. Kf2 Rh1 75. h5 Rh3 76. Kg2 Rh4 77. Kg3 Rh1 78. Ra5 Rg1+ 79. Kf2 Rh1 80. Kg2 Rb1 81. Rg5 Rb3 82. h6 Rb8 83. Kf3 Rh8 84. Rh5 Kg6 85. Kg4 Kh7 86. Rh1 Rg8+ 87. Kf3 Ra8 88. Ke4 Re8+ 89. Kd5 Rf8 90. Ke5 Re8+ 91. Kd6 Rf8 92. Rh4 Rf5 93. Ke6 Ra5 94. f5 Ra6+ 95. Ke5 Ra5+ 96. Kf6 Ra6+ 97. Kg5 Ra1 98. Re4 Ra7 99. Re5 Rb7 100. f6 Rb1 101. f7 Rb8 102. Re8 Rb1 103. Rh8+ 1-0

[Event "III Menorca Open-A 2024"]
[Site "Ciutadella Menorca"]
[Date "2024.04.06"]
[Round "7.14"]
[White "Malek, Jan"]
[Black "Krzyzanowski, Marcin"]
[Result "0-1"]
[ECO "E48"]
[WhiteElo "2441"]
[BlackElo "2510"]
[Annotator "TA"]
[PlyCount "68"]
[EventDate "2024.04.02"]
[EventType "swiss"]
[EventCountry "ESP"]
[SourceTitle "playchess.com"]
[Source "ChessBase"]
[SourceQuality "1"]
[TimeControl "5400+30"]

1. d4 Nf6 2. c4 e6 3. Nc3 Bb4 4. e3 c5 5. Bd3 Nc6 6. Nge2 cxd4 7. exd4 d5 8. cxd5 Nxd5 9. O-O O-O 10. a3 Bd6 11. Re1 Nf6 12. Bg5 Be7 13. Bc2 g6 14. h4 b6 15. Qd3 Bb7 16. Rad1 Ng4 $2 ({Better is} 16... Nd5 $14) 17. Qg3 h5 18. d5 exd5 19. Nxd5 Bd6 $2 (19... Bxg5 {might work better.} 20. hxg5 Qb8) 20. Qb3 (20. Nef4 $142 Qb8 21. f3 Bc5+ 22. Kh1 Nf2+ 23. Kh2 Nxd1 24. Rxd1 (24. Nf6+ Kh8 $18)) 20... Qb8 $18 21. Nf6+ $2 (21. Nef4 $18 Nce5 22. Rxe5 Nxe5 (22... Bxe5 $2 23. Ne7+ Kg7 24. Nexg6 $18) 23. Nf6+ Kh8 24. Be4) 21... Nxf6 $14 22. Bxf6 Bh2+ 23. Kf1 Be5 24. Bxe5 Qxe5 (24... Nxe5 $6 25. Nf4 $16) 25. Bxg6 Na5 $1 26. Qd3 ({White should try} 26. Qa2 $11 Qh2 27. f3) 26... fxg6 $15 27. b4 $2 {[%emt 0:00:00] [#]} (27. Qxg6+ $15 Qg7 28. Qxg7+ Kxg7 29. Ng3) 27... Qf6 $1 $19 28. Qg3 Nc4 29. Nf4 {[%emt 0:00:00] [#]} Rf7 $1 (29... Qxf4 30. Qxg6+ Kh8 31. Qxh5+ Kg7 32. Rd7+ Rf7 33. Rxf7+ Qxf7 34. Qg5+ Kf8 35. Qh6+ Qg7 (35... Kg8 36. Re6 $11) 36. Qf4+ (36. Qxg7+ $2 Kxg7 37. Re7+ Kg8 $19) 36... Kg8 (36... Qf7 37. Qh6+ Kg8 38. Re6 $11) 37. Qxc4+ Kh8 38. g3 $15) 30. Ne6 (30. Qxg6+ $142 Qxg6 31. Nxg6) 30... Re8 $19 31. Nd8 $2 (31. Ng5 Rfe7 32. Rxe7 Rxe7 33. Kg1) 31... Nd2+ $19 (31... Rxd8 32. Rxd8+ Qxd8 33. Qxg6+ Kf8 34. Qh6+ Rg7 (34... Kg8 35. Qg6+ Kf8 36. Qh6+ Rg7 37. Qh8+ Rg8 38. Qh6+ Kf7 39. Qe6+ Kg7 40. Qxc4 $17) 35. Qh8+ Rg8 36. Qh6+ Kf7 37. Qe6+ Kg7 (37... Kf8 38. Qh6+ Kf7 39. Qe6+ Kg7 40. Qxc4 $17) 38. Qxc4 $17) 32. Rxd2 Rxe1+ (32... Rxd8 33. Rxd8+ Qxd8 34. Qxg6+ Kf8 35. Qh6+ Rg7 36. Qh8+ Rg8 37. Qh6+ Rg7 38. Qh8+ Rg8 39. Qh6+ Rg7 $11) 33. Kxe1 Qa1+ (33... Re7+ $142 34. Kd1 Qa1+ 35. Kc2 Qa2+ 36. Kc3 Qxa3+ 37. Kc4 Rc7+ 38. Qxc7 Qc1+ (38... Bxg2 39. Qf7+ Kh8 40. Qf8+ Kh7 41. Rd7#) 39. Kb3 Qxc7 40. Nxb7 Qxb7 41. g3 Qf7+ 42. Ka3 Qc4 43. Rb2 b5 44. Rb1 Qc2 45. Rb3 Kg7 (45... Qxf2 $2 46. Rc3 $19) 46. f3 Qf2 47. g4 Qxh4 48. gxh5 gxh5 (48... Qxh5 $2 49. Re3 $19) 49. Rc3 Qf4 50. Kb2 h4 (50... Qxb4+ 51. Kc2 $19) 51. Kc2 h3 (51... Qxb4 52. Rc7+ Kg6 53. Rc6+ Kf5 54. Rc7 $19) 52. Rd3 h2 (52... Qxb4 $2 53. Rc3 $19) 53. Rd7+ Kf6 54. Rd1 Qxf3 (54... Qxb4 {leads to mate.} 55. Rh1 Qc4+ 56. Kd2 Qd4+ 57. Ke2 Qg1 58. Rxg1 hxg1=Q 59. Kd3 Qb1+ 60. Ke2 b4 61. Kf2 b3 62. Kg2 b2 63. Kg3 Qg6+ 64. Kh2 b1=Q 65. f4 Qgg1+ 66. Kh3 Qh7#) (54... Qc4+ {is a self mate.} 55. Kd2 Qxb4+ 56. Ke2 Qb2+ 57. Ke3 Qb3+ 58. Kd2) 55. Rc1 h1=Q (55... h1=R 56. Rxh1 Qxh1 57. Kd2 Qf3 58. Kc2 Ke5 59. Kb2 Kd4 60. Kc2 Qc3+ 61. Kb1 Qd2 62. Ka1 Kc3 63. Kb1 Qb2#) 56. Rxh1 Qxh1 57. Kd2 Ke5 58. Kd3 Qe1 59. Kc2 Kd4 (59... Qxb4 60. Kd3 Qe1 61. Kc2 Kd4 62. Kb2 Qd1 63. Ka3 Qc2 64. Kb4 Qa4#) 60. Kb2 Qxb4+ 61. Kc2 Ke3 62. Kc1 Kd3 63. Kd1 Qd2#) 34. Ke2 $19 Ba6+ 0-1

[Event "III Menorca Open-A 2024"]
[Site "Ciutadella Menorca"]
[Date "2024.04.06"]
[Round "7.15"]
[White "Mendes Aaron Reeve"]
[Black "Van Foreest, Jorden"]
[Result "0-1"]
[ECO "C02"]
[WhiteElo "2288"]
[BlackElo "2672"]
[Annotator "TA"]
[PlyCount "110"]
[EventDate "2024.04.02"]
[EventType "swiss"]
[EventCountry "ESP"]
[SourceTitle "playchess.com"]
[Source "ChessBase"]
[SourceQuality "1"]
[TimeControl "5400+30"]

1. e4 e6 2. d4 d5 3. e5 c5 4. c3 Nc6 5. Nf3 Bd7 6. Be2 Rc8 7. O-O a6 8. h3 h6 9. Be3 {[%emt 0:01:37] The position is equal.} c4 10. Nbd2 Nge7 11. Ne1 Nf5 12. Bf4 b5 13. g4 Nfe7 14. a3 h5 15. Bg3 (15. gxh5 $16 f6 16. Ndf3) 15... hxg4 $11 16. hxg4 g5 17. Nef3 Ng6 18. Kg2 f5 19. Rh1 f4 20. Rxh8 Nxh8 21. Bh2 (21. Qh1 $11 Nf7 22. Bh2) 21... Kf7 $15 22. Qc2 Kg7 {[%emt 0:00:21] Dodges Qh7+} 23. Rh1 {[%emt 0:02:23][%cal Oh2f4] [#] Strongly threatening Bxf4!} Ng6 24. Bg1 Be7 25. Qb1 Be8 26. Bd1 a5 27. b4 Ra8 28. Bc2 Ra7 29. Qb2 Nf8 (29... axb4 $19 30. cxb4 Qb6) 30. a4 {[%emt 0:04:44][%mdl 8192] This costs White the game.} (30. Ne1 $17) 30... axb4 $19 31. axb5 bxc3 32. Qxc3 Ra3 33. Qb2 c3 34. Qb1 Nb4 35. Nb3 Ra2 36. Na1 Qa5 37. b6 Qxb6 38. Bb3 Ra3 39. Qc1 Qa5 40. Bh2 Bg6 {[%emt 0:01:46] [#] ...Be4 would now be deadly.} 41. Qxc3 Be4 {[%emt 0:00:06] Hoping for ...Ng6.} 42. Rc1 Ng6 43. Qc8 Rxa1 {[%emt 0:01:28] Black mates.} 44. Rc7 Qb5 45. Bc4 dxc4 46. Qxe6 Bxf3+ 47. Kh3 Bg2+ 48. Kxg2 Qd5+ 49. Qxd5 Nxd5 50. Rd7 Nh4+ 51. Kh3 Ra3+ 52. Bg3 fxg3 53. fxg3 Nf4+ 54. Kh2 Nf3+ 55. Kh1 Ra1# {[%emt 0:00:35] Weighted Error Value: White=0.55/Black=0.12 (very precise) .  Loses game:     	White=1     	---        Mistake:       	White=2     	Black=2      Inaccurate:     	White=3     	---        OK:         	White=5     	Black=7      Best:        	White=1     	Black=2} 0-1

[Event "III Menorca Open-A 2024"]
[Site "Ciutadella Menorca"]
[Date "2024.04.06"]
[Round "7.16"]
[White "Alonso Rosell, Alvar"]
[Black "Shuvalova, Polina"]
[Result "1/2-1/2"]
[ECO "A17"]
[WhiteElo "2562"]
[BlackElo "2439"]
[Annotator "TA"]
[PlyCount "109"]
[EventDate "2024.04.02"]
[EventType "swiss"]
[EventCountry "ESP"]
[SourceTitle "playchess.com"]
[Source "ChessBase"]
[SourceQuality "1"]
[TimeControl "5400+30"]

1. Nf3 {[%emt 0:00:28] Donchenko,Alexander} d5 2. e3 Nf6 3. c4 e6 4. Nc3 Bd6 5. b3 O-O 6. Bb2 {[%emt 0:00:05] A17: English Opening: 1...Nf6 with ...Bb4.} Re8 7. Nb5 Be7 8. Be5 Na6 9. Be2 c6 10. Nc3 Nc5 11. Qc2 Ncd7 12. Bg3 Bb4 $146 ({Predecessor:} 12... dxc4 13. bxc4 b6 14. h3 Bb4 15. Bh2 Bb7 16. O-O Qe7 17. d4 Rac8 18. Rfd1 Bxc3 19. Qxc3 {1-0 Donchenko,A (2627)-Tabatabaei,M (2686) Tata Steel-B 85th 2023 (11)}) 13. O-O Qe7 14. Rfd1 a6 15. d4 b6 16. a3 Bxc3 (16... Bxa3 17. c5 bxc5 (17... Bb4 18. Na2 $16) 18. Rxa3 $16) 17. Qxc3 Ne4 18. Qb2 Nxg3 19. hxg3 (19. fxg3 h6 $15) 19... Bb7 20. b4 dxc4 21. Bxc4 a5 22. Be2 h6 23. Nd2 axb4 24. axb4 Nf6 25. Nc4 Ba6 26. Rdc1 (26. Nxb6 Bxe2 27. Qxe2 (27. Nxa8 $2 Bxd1 28. Nb6 Rb8 $19) 27... Rxa1 28. Rxa1 Qxb4 $11) 26... Bxc4 27. Rxa8 Rxa8 28. Rxc4 Qd6 29. Bf3 Nd5 30. b5 cxb5 31. Qxb5 Ra1+ (31... g6 $11) 32. Kh2 $14 Nf6 33. e4 (33. Qb2 $16 Ra7 34. Rc6) 33... Qd8 $14 34. Qb2 Ra8 35. e5 Nd5 36. Rc6 Qg5 37. Qc2 g6 38. Rc8+ Rxc8 39. Qxc8+ Kg7 40. Qb7 Nb4 41. Qxb6 Nd3 42. Qa6 Qd2 $1 (42... Nxf2 $2 43. Qe2 $18) 43. d5 Nxf2 44. Qa1 g5 $2 (44... exd5 $2 {loses.} 45. e6+ d4 46. e7 $18 (46. Qa7 h5 $18)) (44... h5 $11) 45. dxe6 $18 fxe6 {[%emt 0:01:11] [#]} 46. Qa7+ $2 ({White must play} 46. Bh5 $1 $18 {White wants to mate with Qa7+.} Qd7 (46... Qe3 $2 47. Qa5 $18) 47. Qb2) 46... Kg6 $11 47. Qe7 Qe1 $1 48. Qxe6+ Kg7 49. Qf6+ Kh7 50. Qf7+ Kh8 51. Qf8+ Kh7 52. Qe7+ Kh8 $1 53. Qd8+ Kg7 54. Qc7+ Kh8 55. Qd8+ 1/2-1/2

[Event "III Menorca Open-A 2024"]
[Site "Ciutadella Menorca"]
[Date "2024.04.06"]
[Round "7.17"]
[White "Mamedov, Edgar"]
[Black "Cuenca Jimenez, Jose Fernando"]
[Result "1-0"]
[ECO "D37"]
[WhiteElo "2317"]
[BlackElo "2500"]
[Annotator "TA"]
[PlyCount "59"]
[EventDate "2024.04.02"]
[EventType "swiss"]
[EventCountry "ESP"]
[SourceTitle "playchess.com"]
[Source "ChessBase"]
[SourceQuality "1"]
[TimeControl "5400+30"]

1. d4 d5 2. c4 e6 3. Nf3 Nf6 4. Nc3 Be7 5. Bf4 O-O 6. e3 b6 7. Bd3 dxc4 8. Bxc4 Ba6 9. Bxa6 Nxa6 {[%emt 0:00:05] White has an edge.} 10. O-O c5 11. Qe2 Qc8 12. Rac1 Qb7 $1 13. Rfd1 Rac8 14. Nb5 Rfd8 15. a3 Nd5 16. Bg3 cxd4 17. Nbxd4 Rxc1 18. Rxc1 Rc8 19. Rd1 Nc5 20. Ne5 Bf6 21. e4 Ne7 22. f3 Bxe5 23. Bxe5 Rd8 24. b4 Na4 {[%emt 0:12:45][%mdl 8192] [#] A mistake that costs the game.} (24... Qc8 $11 {and Black is okay.}) 25. Nf5 $1 $18 Rxd1+ (25... Rd7 $142) 26. Qxd1 Nc6 {[%emt 0:00:03] Repels Qd8+} 27. b5 {[%emt 0:00:19] White mates.} ({Weaker is} 27. Bxg7 exf5 28. Bh6 Qe7 29. Qxa4 Qf6 $14) 27... exf5 28. bxc6 Qe7 29. c7 Qc5+ 30. Kh1 {[%emt 0:00:18] Weighted Error Value: White=0.04 (flawless) /Black=0.56.  Loses game:     	---       	Black=1      Mistake:       	---       	Black=1      Inaccurate:     	---       	Black=2      OK:         	White=7     	Black=8      Strong:       	White=1     	Black=1} 1-0

[Event "III Menorca Open-A 2024"]
[Site "Ciutadella Menorca"]
[Date "2024.04.06"]
[Round "7.18"]
[White "Cramling Bellon, Anna"]
[Black "Nguyen, Anh Khoi"]
[Result "1/2-1/2"]
[ECO "D37"]
[WhiteElo "2115"]
[BlackElo "2520"]
[Annotator "TA"]
[PlyCount "82"]
[EventDate "2024.04.02"]
[EventType "swiss"]
[EventCountry "ESP"]
[SourceTitle "playchess.com"]
[Source "ChessBase"]
[SourceQuality "1"]
[TimeControl "5400+30"]

1. d4 Nf6 2. c4 e6 3. Nf3 d5 4. Nc3 a6 5. c5 b6 6. cxb6 c5 7. e3 Nbd7 8. Na4 Bd6 9. Bd2 O-O 10. Rc1 Qe7 11. a3 (11. Bd3 $14) 11... Rb8 12. Ba5 e5 (12... c4 $11 {keeps the balance.}) 13. dxc5 Nxc5 14. Be2 ({White should play} 14. Nxc5 $16 Bxc5 15. Be2 (15. Nxe5 Ne4 $16)) 14... Nxa4 15. Qxa4 Re8 16. O-O Bb7 17. Rfe1 Rbd8 18. Bb4 Bxb4 19. axb4 (19. Qxb4 Qxb4 20. axb4 Rd6 $16) 19... Qd6 20. Qa5 d4 21. Red1 (21. Bxa6 Bxa6 22. Qxa6 dxe3 23. fxe3 (23. Rxe3 e4 $17) 23... Qxb4 $11) 21... Qe6 22. Rc7 $2 ({White should try} 22. exd4 $16 Bxf3 23. gxf3 (23. Bxf3 e4 $16)) 22... Bxf3 $1 $15 23. gxf3 dxe3 $2 (23... Nd5 $11 {and Black stays safe.} 24. Rc5 Rd6) 24. Rxd8 $18 (24. fxe3 Rxd1+ 25. Bxd1 Nd5 $16) 24... exf2+ (24... Rxd8 {keeps fighting.} 25. Rc4 (25. Bxa6 Ne4) (25. fxe3 Nd5 $11) 25... exf2+ (25... Rd2 $2 26. b7 $18) 26. Kxf2 Rb8) 25. Kxf2 $18 Rxd8 26. b7 (26. Qxa6 e4 (26... Nd5 $2 27. Bc4 $16) 27. b7 Qe5 $11) (26. Bxa6 Qf5 27. Be2 Ng4+ 28. Kg1 Qb1+ 29. Bf1 Ne3 $17) 26... Ne4+ 27. fxe4 Qf6+ 28. Kg2 $2 ({Only move:} 28. Bf3 $1 $18 {White wants to mate with Rc8.} Qh4+ 29. Kf1 Qh3+ 30. Kg1 Qxf3 31. Qd5 Qg4+ 32. Kf1 Qf4+ 33. Ke1 (33. Ke2 Qg4+ 34. Ke1 Qh4+ 35. Kd1 h6 $18) 33... Qh4+ (33... Rxd5 34. b8=Q+) 34. Kd1) 28... Qg6+ $11 29. Kf1 Qf6+ $1 30. Kg1 Qg6+ 31. Kf2 $2 (31. Kf1 $11 Qf6+ 32. Kg2 Qg6+ 33. Kf2 Qf6+ 34. Bf3 Qh4+ 35. Kf1 Qh3+ 36. Kg1 Qxf3 37. Qd5 Qg4+ 38. Kf1 Qf4+ 39. Ke1 (39. Ke2 Qg4+ 40. Kf1 Qf4+ 41. Ke1 Qh4+ 42. Kd1 h6 $18) 39... Qh4+ (39... Rxd5 40. b8=Q+) 40. Kd1) 31... Qf6+ $18 32. Kg2 $2 (32. Bf3 $1 $18 Qh4+ 33. Kf1 Qh3+ 34. Kg1 Qxf3 35. Qd5 Qe3+ 36. Kf1 Qf4+ 37. Ke1 (37. Ke2 Qg4+ 38. Ke1 Qh4+ 39. Kd1 h6 $18) 37... Qh4+ (37... Rxd5 38. b8=Q+) 38. Kd1) 32... Qg6+ $11 33. Kf2 $2 (33. Kf1 $11 Qf6+ 34. Kg2) 33... Qf6+ $18 34. Kg2 $2 (34. Bf3 $1 $18 {Threatening mate with Rc8.} Qh4+ 35. Kf1 Qh3+ 36. Kg1 Qxf3 37. Qd5 Qg4+ 38. Kf1 Qh3+ 39. Ke1 Qh4+ (39... Rxd5 40. b8=Q+) 40. Kd1) 34... Qg6+ $11 35. Kf2 $2 (35. Kh3 $11 Qh6+ 36. Kg2 Qg6+) 35... Qf6+ $18 {[%emt 0:06:08] [#]} 36. Bf3 $1 Qh4+ 37. Kf1 Qh3+ {[#]} 38. Kg1 $1 Qxf3 39. b8=Q $4 (39. Qd5 $1 $18 {[%cal Rd5d8] is the narrow road to win.} Qe3+ 40. Kf1 Qh3+ 41. Ke2 Qg4+ 42. Ke1 (42. Kf1 Qh3+ 43. Ke1 Qh4+ 44. Kd1 h6 $18) 42... Qh4+ (42... Rxd5 43. b8=Q+) 43. Kd1) 39... Rxb8 40. Qxe5 $2 (40. Qd5) 40... Rd8 $19 ({Inferior is} 40... Rxb4 41. Qe8#) 41. Qa5 Qxe4 (41... Rd1# $142) 1/2-1/2